 Dungeon Crawl Stone Soup version 0.27-a0-1177-g245c70e1c0 (webtiles) character file.

Game seed: 14127031504690228372

506 eitri the Twirler (level 7, -2/64 HPs)
             Began as a Gargoyle Gladiator on May 16, 2021.
             Was a Follower of Makhleb.
             Slain by an orc priest
             ... wielding a +0 short sword
              (4 damage)
             ... on level 5 of the Dungeon.
             The game lasted 00:21:33 (4463 turns).

eitri the Twirler (Gargoyle Gladiator)              Turns: 4463, Time: 00:21:33

Health: -2/64      AC: 23    Str: 19    XL:     7   Next: 18%
Magic:  7/7        EV:  2    Int:  9    God:    Makhleb [*.....]
Gold:   126        SH:  0    Dex: 11    Spells: 6/6 levels left

rFire    . . .     SeeInvis .   a - +0 quarterstaff
rCold    . . .     Faith    .   (shield currently unavailable)
rNeg     + + +     Spirit   .   (armour currently unavailable)
rPois    ∞         Reflect  .   (helmet currently unavailable)
rElec    .         Harm     .   (cloak currently unavailable)
rCorr    .         Rampage  .   (gloves currently unavailable)
Will     .....     NoTele   +   (boots currently unavailable)
Stlth    +.........             (no amulet)
HPRegen  0.20/turn              (no ring)
MPRegen  0.10/turn              (no ring)

@: tree-form
A: stationary, stasis, torment immunity, boosted hp, sickness immunity, AC +4,
negative energy resistance 1, (electricity resistance), torment resistance 1,
petrification resistance
a: Renounce Religion


You were on level 5 of the Dungeon.
You worshipped Makhleb.
Makhleb was aware of your devotion.
You were a tree.
You visited 1 branch of the dungeon, and saw 5 of its levels.

You collected 126 gold pieces.

Inventory:

Hand Weapons
 a - a +0 quarterstaff (weapon)
Missiles
 d - 3 throwing nets
 f - 84 stones (quivered)
 p - 30 poisoned darts
Armour
 b - a +0 ring mail (melded)
 c - a +1 helmet (melded)
 i - a +0 pair of boots (melded)
 q - a +2 cloak (melded)
Jewellery
 r - a ring of protection from fire
Wands
 k - a wand of digging (7)
Scrolls
 h - 2 scrolls of enchant armour
 l - a scroll of identify
 n - a scroll of magic mapping {unknown}
 o - a scroll of fog {unknown}
 s - a scroll of enchant weapon {unknown}
Potions
 e - 2 potions of curing
 g - a potion of might {unknown}
 j - a potion of haste
 m - a potion of lignification
 t - 2 potions of mutation {unknown}
 u - a potion of heal wounds {unknown}


   Skills:
 - Level 4.0 Fighting
 + Level 7.2 Staves
 - Level 2.0 Throwing
 - Level 2.4 Dodging


You had 6 spell levels left.
You didn't know any spells.
Your spell library was empty.

Dungeon Overview and Level Annotations

Branches:
Dungeon (5/15)
 Temple: D:4-7

Altars:
Makhleb
Zin

Shops:
D:1 [   D:4 (


Innate Abilities, Weirdness & Mutations

You are a tree.
Your roots penetrate the ground, keeping you stationary.
You cannot be teleported.
You are immune to unholy pain and torment.
Your maximum health is greatly increased.
Your equipment is partially melded.
You are immune to sickness and miasma.
((Your stone body is resilient. (AC +4)))
You are immune to poison.
You resist negative energy. (rN+)
((You are resistant to electric shocks. (rElec)))
You are resistant to unholy torment.
You are immune to petrification.


Message History

a +0 falchion; an orc skeleton
There is a stone staircase leading down here.
You climb downwards.
There is a stone staircase leading up here.
u - a golden potion
Found a stone staircase leading down.
m - 2 glowing green potions (gained 1)
Found a stone staircase leading down.
An orc priest comes into view. It is wielding a +0 short sword.
An orc priest is nearby!
The orc priest shouts!
You hear a shout!
The orc priest calls down the wrath of Beogh upon you.
Beogh smites you!
An orc priest comes into view. It is wielding a +0 dagger.
The orc priest shouts!
You hit the orc priest.
The orc priest is lightly wounded.
The orc priest hits you but does no damage.
You hit the orc priest.
The orc priest is moderately wounded.
The orc priest hits you with a +0 short sword.
The orc priest mumbles some strange prayers to Beogh against you.
Beogh smites you!
You hit the orc priest.
The orc priest is heavily wounded.
The orc priest hits you but does no damage.
You closely miss the orc priest.
The orc priest is heavily wounded.
The orc priest invokes the aid of Beogh against you.
Beogh smites you!
* * * LOW HITPOINT WARNING * * *
Your ring mail prevents you from hitting the orc priest.
The orc priest is heavily wounded.
The orc priest hits you but does no damage.
It was a potion of lignification.
You turn into a tree.
Your +2 cloak melds into your body.
Your +1 helmet melds into your body.
Your +0 pair of boots melds into your body.
Your +0 ring mail melds into your body.
Your roots penetrate the ground.
The orc priest hits you with a +0 short sword.
You die...

####### ###### ......#
#########.....#.
......###.......♣o......
......#...#######o....#.
........#...# .....#
......###.#.## .....#
......##..#>.###......#
##....#..##...........#
#............###.....#
#.......####.# .....#
#.....### #.#


You could see 2 orc priests.

Vanquished Creatures
  Grinder (D:4)
  A centaur (D:3)
  An iguana (D:4)
  An adder (D:2)
  7 gnolls
  3 worms
  2 dart slugs (D:4)
  3 orcs
  12 endoplasms
  2 giant cockroaches
  12 goblins
  8 hobgoblins
  13 jackals
  7 kobolds
  3 quokkas
  6 ball pythons
  4 bats
  A frilled lizard (D:3)
  8 rats
95 creatures vanquished.

Notes
Turn   | Place    | Note
-------+----------+-------------------------------------------
     0 | D:1      | eitri the Gargoyle Gladiator began the quest for the Orb.
     0 | D:1      | Reached XP level 1. HP: 12/12 MP: 1/1
   157 | D:1      | Found Natex's Armour Boutique.
   387 | D:1      | Reached XP level 2. HP: 16/17 MP: 2/2
   576 | D:1      | Reached skill level 4 in Staves
   576 | D:1      | Reached XP level 3. HP: 18/21 MP: 3/3
  1347 | D:2      | Reached XP level 4. HP: 28/28 MP: 4/4
  1989 | D:3      | Found a burning altar of Makhleb.
  2177 | D:3      | Became a worshipper of Makhleb the Destroyer
  2312 | D:3      | Reached skill level 5 in Staves
  2312 | D:3      | Reached XP level 5. HP: 14/32 MP: 5/5
  2630 | D:3      | Found a faded altar of an unknown god.
  2803 | D:3      | Noticed a centaur
  2828 | D:3      | Killed a centaur
  2829 | D:3      | Reached skill level 6 in Staves
  3523 | D:4      | Reached XP level 6. HP: 18/37 MP: 6/6
  4011 | D:4      | Found a glowing silver altar of Zin.
  4028 | D:4      | Reached * piety under Makhleb
  4032 | D:4      | Noticed Grinder
  4065 | D:4      | Killed Grinder
  4066 | D:4      | Reached skill level 7 in Staves
  4066 | D:4      | Reached XP level 7. HP: 32/43 MP: 7/7
  4200 | D:4      | Found Cenn's Weapon Boutique.
  4378 | D:5      | Entered Level 5 of the Dungeon
  4461 | D:5      | HP: 1/43 [orc priest/divine providence (14)]
  4463 | D:5      | Slain by an orc priest

Illustrated notes

Levels and vault maps discovered:
D:1:      dpeg_arrival_tiny_f, layout_rooms, serial_shops, shop, minivault_27,
          minmay_vboxes
D:2:      layout_loops_ring, minmay_misc_feat_ornament
D:3:      layout_basic, nicolae_overflow_crystal_walls,
          shapermc_ecumenical_altar_totnotflames, st_stairs_3
D:4:      layout_cave_pools, kennysheep_mini, serial_shops, shop, uniq_grinder
D:5:      layout_rooms, temple_fountains, serial_shops, kennysheep_little_box,
          uniq_duvessa, uniq_eustachio, uniq_ijyb

Skill      XL: |  1  2  3  4  5  6 |
---------------+-------------------+-----
Throwing       | 2 |  2.0
Staves         | 4 5 6 7 |  7.2
Fighting       | 3 4 |  4.0
Dodging        | |  2.4

Action                   |  1- 3 |  4- 6 |  7- 9 || total
-------------------------+-------+-------+-------++-------
Melee: Quarterstaff      |   118 |   158 |    13 ||   289
Throw: Stone             |     1 |       |       ||     1
  Use: Scroll            |     2 |     2 |       ||     4
       Potion            |       |     1 |     1 ||     2
Armor: Leather armour    |    43 |    49 |       ||    92
       Ring mail         |       |    20 |     7 ||    27
Dodge: Dodged            |    80 |    95 |       ||   175

Table legend: (Time is in decaauts)
 A = Elapsed time spent in this place.
 B = Non-inter-level travel time spent in this place.
 C = Inter-level travel time spent in this place.
 D = Time resting spent in this place.
 E = Time spent auto-exploring this place.
 F = Levels seen in this place.
 G = Mean time per level.
                   A        B        C        D        E       F      G
               +--------+--------+--------+--------+--------+-----+--------+
         Total |   4464 |   4132 |    332 |    968 |   1457 |   5 |  892.8 |
       Dungeon |   4464 |   4132 |    332 |    968 |   1457 |   5 |  892.8 |
               +--------+--------+--------+--------+--------+-----+--------+

Top non-repeatable levels by time:
     D:3: 1798 daAuts
     D:2: 927 daAuts
     D:1: 850 daAuts
     D:4: 803 daAuts
     D:5: 84 daAuts
